 Dungeon Crawl Stone Soup version 0.17.1-3-g152610e (webtiles) character file.

221 kaze the Ducker (level 5, -8/79 HPs)
             Began as a Troll Berserker on Feb 26, 2016.
             Was a Priest of Trog.
             Mangled by a gnoll
             ... wielding a +0 spear
              (9 damage)
             ... on level 3 of the Dungeon.
             The game lasted 00:08:01 (2138 turns).

kaze the Ducker (Troll Berserker)                   Turns: 2138, Time: 00:08:01

Health: -8/79      AC:  6    Str: 31    XL:     5   Next: 65%
Magic:  4/4        EV: 11    Int:  3    God:    Trog [***...]
Gold:   107        SH:  0    Dex:  9    Spells: 0 memorised, 4 levels left

rFire  . . .     SeeInvis .     f - +0 spear
rCold  . . .     Clarity  .     a - +0 animal skin
rNeg   . . .     SustAt   .     (no shield)
rPois  .         Gourm    +     (helmet restricted)
rElec  .         Spirit   .     n - +0 cloak
rCorr  .         Warding  .     (gloves unavailable)
rMut   .         Stasis   .     (boots unavailable)
MR     +....                    g - amulet of faith
Stlth  ..........               (no ring)
                                k - ring of protection from magic

@: berserking (expiring), very quick, somewhat resistant to hostile
enchantments, extremely unstealthy
A: unfitting armour, claws 3, fast metabolism 3, gourmand, regeneration 2,
shaggy fur 1, tough skin 2
a: Berserk, Trog's Hand, Burn Spellbooks, Renounce Religion


You were on level 3 of the Dungeon.
You worshipped Trog.
Trog was most pleased with you.
You were full.

You visited 1 branch of the dungeon, and saw 3 of its levels.

You collected 107 gold pieces.

Inventory:

Hand Weapons
 f - a +0 spear (weapon)
Armour
 a - a +0 animal skin (worn)
 n - a +0 cloak (worn)
Jewellery
 g - an amulet of faith (around neck)
 k - a ring of protection from magic (left claw)
Scrolls
 e - a scroll of noise {unknown}
 l - a scroll of recharging
 p - a scroll of identify
 q - 3 scrolls of remove curse
 s - a scroll of enchant weapon {unknown}
Potions
 c - a potion of brilliance
 d - a potion of curing
 j - a potion of invisibility {unknown}
 o - a potion of ambrosia {unknown}
Comestibles
 b - 2 bread rations
 h - a slice of pizza
 i - a meat ration
 m - 4 chunks of flesh


   Skills:
 + Level 3.1 Fighting
 + Level 0.7 Polearms
 + Level 4.4 Dodging
 + Level 0.2 Stealth
 + Level 3.4 Unarmed Combat


You had 4 spell levels left.
You didn't know any spells.

Dungeon Overview and Level Annotations

Branches:
Dungeon (3/15)

Altars:
Fedhas


Innate Abilities, Weirdness & Mutations

You are too large for most types of armour.
You have claws for hands.
Your metabolism is lightning-fast.
You like to eat raw meat.
You heal very quickly.
You are covered in fur (AC +1).
You have very tough skin (AC +2).


Message History

You destroy the phantom!
You have reached level 5!
Unknown command.
You barely miss the kobold.
The gnoll hits you from afar with a spear.
* * * LOW HITPOINT WARNING * * *
You puncture the kobold!
You kill the kobold!
Trog accepts your kill. The gnoll hits you but does no damage.
You barely miss the gnoll. The gnoll closely misses you.
The gnoll hits you from afar with a spear.
* * * LOW HITPOINT WARNING * * *
You puncture the gnoll!
You kill the gnoll!
Trog accepts your kill.
The gnoll hits you from afar with a halberd!
* * * LOW HITPOINT WARNING * * *
The gnoll hits you with a spear!
You die...

##### #.(.# ##### #...#
....# #..g##....##.
+..g@'....... #...##.......
##.[.######... #...........
. ...... #...........
##....#### #...........
.........# #...............
.........# #......###......
.........#+##...#####......


You could see 2 gnolls.

Vanquished Creatures
  A phantom (D:3)
  Jessica (D:3)
  3 adders (D:2)
  2 gnolls (D:3)
  A worm (D:2)
  5 giant geckos
  An orc (D:3)
  A ball python (D:1)
  10 bats
  4 giant cockroaches
  4 hobgoblins
  4 jackals (D:3)
  7 kobolds
  3 giant newts
  4 goblins
  6 rats
57 creatures vanquished.

Notes
Turn   | Place    | Note
--------------------------------------------------------------
     0 | D:1      | kaze the Troll Berserker began the quest for the Orb.
     0 | D:1      | Reached XP level 1. HP: 22/22 MP: 0/0
     2 | D:1      | Noticed a demonspawn
     2 | D:1      | Noticed a naga
     4 | D:1      | Noticed a felid
     4 | D:1      | Noticed a draconian
     6 | D:1      | Noticed a tengu
     6 | D:1      | Noticed a demigod
     8 | D:1      | Noticed a gargoyle
     8 | D:1      | Noticed a formicid
    13 | D:1      | Noticed a vampire
    15 | D:1      | Noticed an ogre
    15 | D:1      | Noticed an octopode
    17 | D:1      | Noticed a spriggan
    17 | D:1      | Noticed a merfolk
    19 | D:1      | Noticed a ghoul
    19 | D:1      | Noticed an elf
    21 | D:1      | Noticed a vine stalker
    23 | D:1      | Noticed a minotaur
    23 | D:1      | Noticed a human
    25 | D:1      | Noticed a troll
    25 | D:1      | Noticed a centaur
    27 | D:1      | Noticed a dwarf
   419 | D:1      | Reached XP level 2. HP: 13/29 MP: 1/1
   913 | D:1      | Reached ** piety under Trog
   956 | D:2      | Reached XP level 3. HP: 6/36 MP: 2/2
  1241 | D:2      | Found a blossoming altar of Fedhas.
  1463 | D:2      | Reached XP level 4. HP: 40/44 MP: 3/3
  1929 | D:3      | Noticed Jessica
  1948 | D:3      | Killed Jessica
  1963 | D:3      | Reached *** piety under Trog
  2015 | D:3      | Noticed a phantom
  2131 | D:3      | Reached skill level 4 in Dodging
  2133 | D:3      | Killed a phantom
  2133 | D:3      | Reached XP level 5. HP: 25/53 MP: 4/4
  2137 | D:3      | HP: 1/79 [gnoll/halberd (16)]
  2138 | D:3      | Mangled by a gnoll

Action                   |  1- 3 |  4- 6 || total
-------------------------+-------+-------++-------
Melee: Spear             |   142 |   103 ||   245
       Unarmed           |    14 |       ||    14
Invok: Berserk           |       |     3 ||     3
       Trog's Hand       |       |     1 ||     1
  Use: Scroll            |     2 |     2 ||     4
       Potion            |       |     4 ||     4
  Eat: Chunk             |    19 |     6 ||    25
